 Dungeon Crawl Stone Soup version 0.28-a0-1080-g05a166d0ed (webtiles) character file.

Game seed: 6189560925219613646

203 Mamutox the Sneak (level 5, -4/25 HPs)
             Began as a Spriggan Enchanter on Dec 9, 2021.
             Shot with an arrow by a centaur (7 damage)
             ... on level 5 of the Dungeon.
             The game lasted 00:18:31 (6277 turns).

Mamutox the Sneak (Spriggan Enchanter)              Turns: 6277, Time: 00:18:31

Health: -4/25      AC:  2    Str:  4    XL:     5   Next: 51%
Magic:  11/11      EV: 17    Int: 19    God:
Gold:   224        SH:  0    Dex: 15    Spells: 6/11 levels left

rFire   . . .      SeeInvis +   p - +5 dagger (venom)
rCold   . . .      Faith    .   (shield restricted)
rNeg    . . .      Spirit   .   b - +0 robe
rPois   .          Reflect  .   (helmet restricted)
rElec   .          Harm     .   (no cloak)
rCorr   .          Rampage  .   (gloves unavailable)
Will    +....                   (boots unavailable)
Stlth   ++++......              (no amulet)
HPRegen 0.08/turn               f - ring of willpower
MPRegen 0.12/turn               (no ring)

@: very quick
A: very small, no large weapons, unfitting armour, see invisible, speed 3
a: no special abilities


You were on level 5 of the Dungeon.
You visited 1 branch of the dungeon, and saw 5 of its levels.

You collected 224 gold pieces.

Inventory:

Hand Weapons
 a - a +1 dagger
 p - a +5 dagger of venom (weapon)
 s - a +0 dagger
Missiles
 d - 134 stones (quivered)
 n - 40 poisoned darts
 t - 5 datura-tipped darts
 u - 4 atropa-tipped darts
 w - a boomerang
 z - 27 arrows
Armour
 b - a +0 robe (worn)
Jewellery
 f - a ring of willpower (left hand)
Wands
 A - a wand of iceblast (13)
Scrolls
 g - a scroll of magic mapping {unknown}
 h - a scroll of fog {unknown}
 l - 3 scrolls of identify {unknown}
 m - 2 scrolls of teleportation {unknown}
 o - a scroll of blinking {unknown}
 q - a scroll of vulnerability {unknown}
 v - a scroll of enchant armour {unknown}
 y - 3 scrolls of noise {unknown}
Potions
 c - 3 potions of invisibility
 e - a potion of attraction {unknown}
 i - a potion of mutation {unknown}
 j - a potion of curing {unknown}
 k - a potion of haste {unknown}
 r - 2 potions of lignification {unknown}
 x - a potion of heal wounds {unknown}
 B - a potion of brilliance {unknown}


   Skills:
 - Level 1.2 Fighting
 - Level 2.1 Short Blades
 - Level 2.6 Dodging
 - Level 7.1 Stealth
 + Level 3.8 Spellcasting
 + Level 4.5 Hexes


You had 6 spell levels left.
You knew the following spells:

 Your Spells              Type           Power      Damage    Failure   Level
a - Ensorcelled Hibernat  Hex/Ice        24%        N/A       9%          2
b - Confusing Touch       Hex            21%        N/A       6%          3

Your spell library contained the following spells:

 Spells                   Type           Power      Damage    Failure   Level
 Tukima's Dance           Hex            21%        N/A       6%          3
 Dazzling Flash           Conj/Hex       24%        N/A       16%         3


Dungeon Overview and Level Annotations

Branches:
Dungeon (5/15)
 Temple: D:4-7

Altars:
Uskayaw


Innate Abilities, Weirdness & Mutations

You are very small and have problems with some larger weapons.
You are too small for most types of armour.
You have supernaturally acute eyesight. (SInv)
You cover ground extremely quickly. (Speed+++)


Message History

You climb downwards.
There is a stone staircase leading up here.
Casting: Ensorcelled Hibernation (safe; 9% risk of failure)
Confirm with . or Enter, or press ? or * to list all spells.
Aiming: Ensorcelled Hibernation (safe; 9% risk of failure)
Press: ? - help, Shift-Dir - straight line, f - gnoll
Aim: a gnoll, wielding a +2 vorpal spear (chance to affect: 51%)
The gnoll looks drowsy...
The helpless gnoll fails to defend itself.
You impale the gnoll!!
You kill the gnoll!
You see here a +2 vorpal spear.
Magic restored.
You now have 224 gold pieces (gained 5).
A centaur comes into view.
The centaur completely misses you. The centaur kicks you.
You hit the centaur.
The centaur is lightly wounded.
The centaur misses you. x2
You hit the centaur.
The centaur is poisoned.
The centaur is moderately wounded.
The centaur hits you. The centaur misses you.
You closely miss the centaur.
The centaur is moderately wounded.
The centaur hits you. The centaur closely misses you. The centaur hits you.
The centaur kicks you.
You hit the centaur.
The centaur is heavily wounded.
The centaur hits you.
* * * LOW HITPOINT WARNING * * *
The centaur kicks you.
* * * LOW HITPOINT WARNING * * *
You hit the centaur.
The centaur looks as sick as possible!
The centaur is severely wounded.
The centaur closely misses you. The centaur kicks you.
* * * LOW HITPOINT WARNING * * *
The centaur wields a +0 shortbow.
The centaur shoots an arrow.
The arrow completely misses you.
The centaur shoots an arrow.
The arrow hits you!
You die...

#...............#
#.....).........#
#.........#.....#
#.........#.....##
#.........##.....#
############.##..+
#.# #.# #.# # #@#
#.# #.#
#...c......
###########


You could see a centaur (extremely poisoned).

Vanquished Creatures
  An iguana (D:2)
  Robin (D:2)
  5 adders
  A gnoll (D:5)
  A worm (D:2)
  2 dart slugs
  10 orcs
  7 endoplasms
  A giant cockroach (D:1)
  16 goblins
  11 hobgoblins
  2 jackals (D:3)
  3 quokkas
  10 ball pythons
  3 bats
  4 frilled lizards
  5 kobolds
  6 rats
89 creatures vanquished.

Vanquished Creatures (others)
  7 bushes (D:2)
  20 plants (D:2)
27 creatures vanquished.

Grand Total: 116 creatures vanquished

Notes
Turn   | Place    | Note
-------+----------+-------------------------------------------
     0 | D:1      | Mamutox the Spriggan Enchanter began the quest for the Orb.
     0 | D:1      | Reached XP level 1. HP: 9/9 MP: 5/5
  1019 | D:2      | Reached XP level 2. HP: 5/13 MP: 7/7
  1022 | D:2      | Learned a level 2 spell: Ensorcelled Hibernation
  1244 | D:2      | Reached skill level 5 in Stealth
  1389 | D:2      | Reached skill level 6 in Stealth
  1389 | D:2      | Reached XP level 3. HP: 16/16 MP: 5/8
  1468 | D:2      | Reached skill level 7 in Stealth
  1590 | D:2      | Found a hide-covered altar of Uskayaw.
  1599 | D:2      | Reached XP level 4. HP: 21/21 MP: 9/9
  2106 | D:2      | Noticed Robin
  2416 | D:1      | Reached skill level 1 in Fighting
  3646 | D:2      | Learned a level 3 spell: Confusing Touch
  3858 | D:2      | Killed Robin
  3904 | D:2      | Reached XP level 5. HP: 21/25 MP: 4/10
  5106 | D:4      | Noticed a phantom
  5944 | D:5      | Entered Level 5 of the Dungeon
  6264 | D:5      | Noticed a centaur
  6277 | D:5      | Shot with an arrow by a centaur

Illustrated notes

Levels and vault maps discovered:
D:1:      nicolae_arrival_somewhat_less_tricky_arrival, layout_loops_cross,
          minmay_hexomino_p4
D:2:      layout_loops_cross, basic_altar, serial_forest,
          infiniplex_forest_clump_curved, infiniplex_forest_lined_corner,
          infiniplex_forest_end_double, infiniplex_forest_clump_small,
          infiniplex_forest_clump_small, infiniplex_forest_straight_3,
          st_stairs_1, uniq_robin
D:3:      layout_loops_cross, eino_tiny_chamber
D:4:      layout_loops_cross, minivault_11
D:5:      layout_basic, amcnicky_altar_gilded, minmay_temple_entry_crystal_x,
          saegor_snake_ambush

Skill      XL: |  1  2  3  4 |
---------------+-------------+-----
Spellcasting   | 3 |  3.8
Stealth        | 6 7 |  7.1
Fighting       | 1 |  1.2
Short Blades   | 2 |  2.1
Hexes          | 4 |  4.5
Dodging        | |  2.6

Action                   |  1- 3 |  4- 6 || total
-------------------------+-------+-------++-------
Melee: Dagger            |    78 |   187 ||   265
Throw: Stone             |    10 |     5 ||    15
 Cast: Ensorcelled Hiber |     8 |    31 ||    39
 Stab: Sleeping          |     6 |    24 ||    30
       Distracted        |       |     2 ||     2
Armor: Robe              |     4 |    12 ||    16
Dodge: Dodged            |    41 |   123 ||   164

Table legend: (Time is in decaauts)
 A = Elapsed time spent in this place.
 B = Non-inter-level travel time spent in this place.
 C = Inter-level travel time spent in this place.
 D = Time resting spent in this place.
 E = Time spent auto-exploring this place.
 F = Levels seen in this place.
 G = Mean time per level.
                   A        B        C        D        E       F      G
               +--------+--------+--------+--------+--------+-----+--------+
         Total |   4967 |   4920 |     47 |   2331 |   1273 |   5 |  993.4 |
       Dungeon |   4967 |   4920 |     47 |   2331 |   1273 |   5 |  993.4 |
               +--------+--------+--------+--------+--------+-----+--------+

Top non-repeatable levels by time:
     D:2: 1695 daAuts
     D:1: 1673 daAuts
     D:3: 956 daAuts
     D:4: 537 daAuts
     D:5: 103 daAuts
